 Dungeon Crawl Stone Soup version 0.26-a0-658-gbdda728c12 (webtiles) character file.

Game seed: 17833485193091487015

6 flotson the Grasshopper (level 1, 0/9 HPs)
             Began as a Felid Warper on Oct 4, 2020.
             Slain by a goblin (3 damage)
             ... on level 1 of the Dungeon.
             The game lasted 00:01:24 (158 turns).

flotson the Grasshopper (Felid Warper)               Turns: 158, Time: 00:01:25

Health: 0/9        AC:  1    Str:  7    XL:     1   Next: 75%
Magic:  4/4        EV: 19    Int: 14    God:
Gold:   0          SH:  0    Dex: 15    Spells: 4/4 levels left
                                        Lives:  0   Deaths: 0

rFire    . . .     SeeInvis +     - Unarmed
rCold    . . .     Faith    .   (shield unavailable)
rNeg     . . .     Spirit   .   (armour unavailable)
rPois    .         Reflect  .   (helmet unavailable)
rElec    .         Harm     .   (cloak unavailable)
rCorr    .         Rampage  .   (gloves unavailable)
MR       .....                  (boots unavailable)
Stlth    ++........             (no amulet)
HPRegen  0.03/turn              (no ring)
MPRegen  0.09/turn              (no ring)

@: quick
A: very small, no armour, no weapons or thrown items, stealth, claws 1, fangs 3,
see invisible, speed 1, shaggy fur 1, sharp paws
a: no special abilities


You were on level 1 of the Dungeon.
You visited 1 branch of the dungeon, and saw 1 of its levels.

Inventory:

Scrolls
 b - a scroll of blinking
Potions
 a - a potion of resistance {unknown}
 c - 2 potions of degeneration {unknown}


   Skills:
 + Level 2.0 Fighting
 + Level 3.6 Dodging
 + Level 0.1 Stealth
 + Level 2.1 Unarmed Combat
 + Level 2.0 Spellcasting
   Level 4.4 Translocations


You had 4 spell levels left.
You didn't know any spells.
Your spell library contained the following spells:

 Spells                   Type           Power        Failure   Level
 Blink                    Tloc           N/A          6%          2
 Gell's Gravitas          Tloc           ##........   12%         3
 Lesser Beckoning         Tloc           ##........   12%         3
 Teleport Other           Tloc           ##......     12%         3
 Passage of Golubria      Tloc           N/A          36%         4


Dungeon Overview and Level Annotations

Branches:
Dungeon (1/15)

Altars:


Innate Abilities, Weirdness & Mutations

You cannot wear armour.
You are incapable of wielding weapons or throwing items.
Your paws allow you to move quietly. (Stealth)
You have sharp claws.
You have razor-sharp teeth.
You have supernaturally acute eyesight. (SInv)
You cover ground quickly.
You are covered in fur. (AC +1)
Your sharp claws are effective at attacking unaware monsters.


Message History

You scratch the hobgoblin.
You bite the hobgoblin, but do no damage.
The hobgoblin is severely wounded.
The hobgoblin hits you.
You scratch the hobgoblin.
You kill the hobgoblin!
Drop what? 5/52 slots (_ for help) (? for menu, Esc to quit)
You drop 15 stones.
You drop 8 bolts.
A goblin comes into view. It is wielding a +0 club.
The goblin moves out of view.
The goblin shouts!
You barely miss the goblin. The goblin hits you but does no damage.
You scratch the goblin.
The goblin is severely wounded.
The goblin misses you.
You scratch the goblin.
You kill the goblin!
The goblin hits you.
You die...

#.####.##..##.<##.....###
#.†........##..##....g...
#....#####.##..##..###.####
#...##.## #.##..##..# #.#
..# ....###...##..##..#.# .
......>....##..# ..#.#
#######......#### ##.# .
#.)....# #.# .. #.#@####
#.# ...#####.#g# #.#
#....#..#.# #g# #...#..#
#)# ###...g## ##.#
####....g## #..#
........### #.##
####......# #####g#
#..####.#######.....#


You could see a gnoll, a hobgoblin and a goblin.

Vanquished Creatures
  A giant cockroach (D:1)
  A goblin (D:1)
  2 hobgoblins (D:1)
  A rat (D:1)
5 creatures vanquished.

Notes
Turn   | Place    | Note
-------+----------+-------------------------------------------
     0 | D:1      | flotson the Felid Warper began the quest for the Orb.
     0 | D:1      | Reached XP level 1. HP: 9/9 MP: 4/4
   158 | D:1      | Slain by a goblin

Illustrated notes

Levels and vault maps discovered:
D:1:      lightli_iron_boxes, layout_rooms, minivault_4, minmay_pentomino_s2

Action                   || total
-------------------------++-------
Melee: Unarmed           ||    14
       Bite              ||     2
 Stab: Sleeping          ||     1
Armor: Skin              ||     1
Dodge: Dodged            ||     8

Table legend: (Time is in decaauts)
 A = Elapsed time spent in this place.
 B = Non-inter-level travel time spent in this place.
 C = Inter-level travel time spent in this place.
 D = Time resting spent in this place.
 E = Time spent auto-exploring this place.
 F = Levels seen in this place.
 G = Mean time per level.
                   A        B        C        D        E       F      G
               +--------+--------+--------+--------+--------+-----+--------+
         Total |    130 |    130 |      0 |      3 |     18 |   1 |  130.0 |
       Dungeon |    130 |    130 |      0 |      3 |     18 |   1 |  130.0 |
               +--------+--------+--------+--------+--------+-----+--------+

Top non-repeatable levels by time:
     D:1: 130 daAuts
